 Dungeon Crawl Stone Soup version 0.31-a0-278-g485e682e34 (webtiles) character file.

Game seed: 8698454526180064105

3850 AdnanSaban the Basher (level 10, -3/64 HPs)
             Began as a Gargoyle Fighter on July 15, 2023.
             Was an Initiate of Okawaru.
             Slain by a troll (5 damage)
             ... on level 8 of the Dungeon.
             The game lasted 00:12:08 (7647 turns).

AdnanSaban the Basher (Gargoyle Fighter)            Turns: 7647, Time: 00:12:09

Health: -3/64      AC: 18    Str: 25    XL:     10   Next: 18%
Magic:  10/10      EV:  9    Int:  8    God:    Okawaru [......]
Gold:   459        SH:  5    Dex:  9    Spells: 9/9 levels left

rFire   . . .        u - +1 whip (drain)
rCold   . . .        c - +0 buckler
rNeg    + . .        b - +0 scale mail
rPois   ∞            v - +0 helmet
rElec   +            (no cloak)
rCorr   +            (no gloves)
SInv    .            F - +0 pair of boots
Will    .....        (no amulet) Stlth
                     n - ring of resist corrosion
HPRegen 0.30/turn    (no ring)
MPRegen 0.12/turn

%: no passive effects
@: no status effects
A: sickness immunity, AC +7, negative energy resistance 1, electricity
resistance, torment resistance 1, petrification resistance
a: Renounce Religion


You were on level 8 of the Dungeon.
You worshipped Okawaru.
Okawaru was noncommittal.
You visited 2 branches of the dungeon, and saw 9 of its levels.
You also visited: Sewer.

You collected 459 gold pieces.

Inventory:

Hand Weapons
 a - a +0 flail
 u - a +1 whip of draining (weapon)
Missiles
 y - a throwing net
Armour
 b - a +0 scale mail (worn)
 c - a +0 buckler (worn)
 v - a +0 helmet (worn)
 F - a +0 pair of boots (worn)
Jewellery
 n - a ring of resist corrosion (left hand)
 q - a ring of magical power
 A - a +4 ring of slaying
Wands
 s - a wand of polymorph (4)
 w - a wand of mindburst (10)
 z - a wand of flame (26)
Scrolls
 e - 3 scrolls of fog {unknown}
 h - 3 scrolls of teleportation {unknown}
 i - 6 scrolls of identify {unknown}
 j - a scroll of fear {unknown}
 k - 4 scrolls of revelation {unknown}
 o - 2 scrolls of immolation {unknown}
 p - 2 scrolls of poison {unknown}
 t - a scroll of summoning {unknown}
 D - a scroll of torment {unknown}
 E - 2 scrolls of blinking {unknown}
 G - a scroll of brand weapon {unknown}
Potions
 d - 3 potions of might
 f - 2 potions of curing {unknown}
 g - a potion of invisibility {unknown}
 l - 3 potions of degeneration {unknown}
 m - 2 potions of haste
 r - a potion of lignification {unknown}
 x - a potion of mutation {unknown}
 B - a potion of enlightenment {unknown}
 C - a potion of magic {unknown}


   Skills:
 + Level 7.6 Fighting
 + Level 9.6 Maces & Flails
 + Level 8.4 Armour
 + Level 6.8 Shields


You had 9 spell levels left.
You didn't know any spells.
Your spell library contained the following spells:

 Spells                   Type           Power      Damage    Failure   Level
 Ensorcelled Hibernation  Hex/Ice        0%         N/A       85%         2
 Passwall                 Tmut/Erth      0%         N/A       85%         2
 Dazzling Flash           Conj/Hex       0%         N/A       97%         3
 Ozocubu's Armour         Ice            0%         N/A       97%         3
 Swiftness                Air            0%         N/A       97%         3
 Volatile Blastmotes      Fire/Tloc      0%         2d10      97%         3
 Anguish                  Hex/Necr       0%         N/A       100%        4
 Cause Fear               Hex            0%         N/A       100%        4
 Starburst                Conj/Fire      0%         6d3       100%        6
 Enfeeble                 Hex            0%         N/A       100%        7
 Ozocubu's Refrigeration  Ice            0%         4d7       100%        7
 Maxwell's Capacitive Co  Air            0%         ∞         100%        8


Dungeon Overview and Level Annotations

Branches:
Dungeon (8/15)             Temple (1/1) D:7           Sewer (visited)
   Lair: D:8-11

Altars:
Ashenzari
Dithmenos
Elyvilon
Fedhas
Kikubaaqudgha
Nemelex Xobeh
Okawaru
Qazlal
Ru
Sif Muna
Trog
Vehumet
Wu Jian
Xom
Yredelemnul
Zin
The Shining One

Shops:
D:6 *

Annotations:
D:6 1 runed translucent door, Crazy Yiuf


Innate Abilities, Weirdness & Mutations

You are immune to sickness and miasma.
Your stone body is resilient. (AC +7)
You are immune to poison.
You resist negative energy. (rN+)
You are resistant to electric shocks. (rElec)
You are resistant to unholy torment.
You are immune to petrification.


Message History

The wolf bites you but does no damage. The troll bites you.
The troll claws you. The troll claws you but does no damage.
The hound bites you.
* * * LOW HITPOINT WARNING * * *
You whack the hound!
The hound is heavily wounded.
The wolf bites you but does no damage. The hound bites you but does no damage.
The troll bites you but does no damage.
The troll claws you but does no damage. x2
You hit the hound.
The hound is almost dead.
The wolf bites you.
* * * LOW HITPOINT WARNING * * *
The hound bites you but does no damage.
Okay, then.
You closely miss the hound.
The hound is almost dead.
The wolf bites you.
* * * LOW HITPOINT WARNING * * *
The troll bites you but does no damage. The troll claws you but does no damage.
You block the troll's attack. The hound bites you but does no damage.
You miss the hound.
The hound is almost dead.
The wolf bites you.
* * * LOW HITPOINT WARNING * * *
The hound barely misses you. The troll misses you.
The troll claws you but does no damage. You block the troll's attack.
The wolf bites you but does no damage.
You hit the hound. You drain the hound.
You kill the hound!
Okawaru accepts your kill. The wolf bites you but does no damage.
You barely miss the wolf. The troll bites you!
* * * LOW HITPOINT WARNING * * *
The troll claws you.
* * * LOW HITPOINT WARNING * * *
You block the troll's attack. The wolf bites you but does no damage.
You whack the wolf!
The wolf is moderately wounded.
The wolf closely misses you. The troll barely misses you. The troll claws you.
You die...

#.........
#........
#.......
#...... #.....#
#.....# #.T...#
#..@..# +.h...#
#.†.†.#
..........#
.............
...........~~.~
.....~~..≈~≈≈≈≈
...~~≈≈~~≈~≈≈~≈
..~~~≈≈≈≈~~..~~


You could see a troll (drained) and a wolf.

Vanquished Creatures
  Prince Ribbit (D:7)
  4 yaks (D:6)
  A steam dragon (D:6)
  A water moccasin (Sewer)
  2 ice beasts (D:7)
  A sky beast (D:7)
  2 black bears
  3 ogres
  A centaur (D:6)
  A wolf (D:8)
  4 phantoms
  Blork the orc (D:4)
  A scorpion (D:4)
  3 bullfrogs
  2 water moccasin zombies (D:4)
  2 water moccasin skeletons (D:4)
  A howler monkey (D:8)
  9 hounds
  A centaur zombie (D:4)
  A gnoll bouda (D:6)
  5 jellies
  4 sleepcaps
  3 iguanas
  Ijyb (D:4)
  An orc wizard (D:7)
  Robin (D:4)
  13 adders
  10 gnolls
  2 shadow imps
  2 white imps
  3 ufetubi
  An adder zombie (D:4)
  3 adder skeletons (D:4)
  3 worms
  3 dart slugs
  10 orcs
  7 ball pythons
  6 endoplasms
  6 giant cockroaches
  11 goblins
  10 hobgoblins
  10 kobolds
  8 quokkas
  9 bats
  2 frilled lizards (D:2)
  6 rats
182 creatures vanquished.

Notes
Turn   | Place    | Note
-------+----------+-------------------------------------------
     0 | D:1      | AdnanSaban the Gargoyle Fighter began the quest for the
                  | Orb.
     0 | D:1      | Reached XP level 1. HP: 14/14 MP: 1/1
   160 | D:1      | Reached XP level 2. HP: 19/19 MP: 2/2
   764 | D:2      | Reached XP level 3. HP: 21/24 MP: 3/3
  1056 | D:2      | Reached XP level 4. HP: 29/29 MP: 4/4
  1189 | D:2      | Identified the +4 dagger of Dykleqof {venom, Will+}
  1338 | D:3      | Reached skill level 3 in Maces & Flails
  1375 | D:3      | Found a glowing drain.
  1388 | Sewer    | Entered a sewer
  1418 | Sewer    | Noticed a water moccasin
  1428 | Sewer    | Killed a water moccasin
  1429 | Sewer    | Reached XP level 5. HP: 32/33 MP: 5/5
  1482 | D:3      | Reached skill level 4 in Maces & Flails
  2004 | D:4      | Noticed a black bear
  2007 | D:4      | Noticed Blork the orc
  2025 | D:3      | Killed a black bear
  2026 | D:3      | Reached XP level 6. HP: 22/39 MP: 6/6
  2110 | D:4      | Killed Blork the orc
  2265 | D:4      | Noticed Ijyb
  2271 | D:4      | Reached skill level 5 in Maces & Flails
  2271 | D:4      | Reached skill level 5 in Armour
  2271 | D:4      | Reached XP level 7. HP: 34/44 MP: 7/7
  2282 | D:4      | Killed Ijyb
  2573 | D:4      | Reached skill level 5 in Fighting
  2727 | D:4      | Reached skill level 6 in Maces & Flails
  2727 | D:4      | Reached XP level 8. HP: 49/49 MP: 8/8
  2734 | D:4      | Reached skill level 5 in Shields
  3296 | D:4      | Noticed Robin
  3312 | D:4      | Killed Robin
  3462 | D:5      | Entered Level 5 of the Dungeon
  3945 | D:5      | Reached skill level 7 in Maces & Flails
  4073 | D:5      | Found a shimmering blue altar of Sif Muna.
  4730 | D:6      | Found Eleot's General Store.
  4778 | D:6      | Reached XP level 9. HP: 28/55 MP: 9/9
  5031 | D:6      | Found a runed translucent door.
  5032 | D:6      | Noticed Crazy Yiuf
  5177 | D:6      | Found a blossoming altar of Fedhas.
  5283 | D:6      | Reached skill level 8 in Maces & Flails
  5473 | D:6      | Identified the +5 flail "Giant's Death" {antimagic, Dex+3}
  5483 | D:6      | Found a sacrificial altar of Ru.
  5784 | D:6      | Found a glowing golden altar of the Shining One.
  6068 | D:7      | Reached skill level 9 in Maces & Flails
  6108 | D:7      | Found a staircase to the Ecumenical Temple.
  6112 | D:7      | Noticed Prince Ribbit
  6119 | Temple   | Entered the Ecumenical Temple
  6165 | Temple   | Became a worshipper of Warmaster Okawaru
  6246 | D:7      | Killed Prince Ribbit
  6349 | D:7      | Found a shadowy altar of Dithmenos.
  6363 | D:7      | Found a white marble altar of Elyvilon.
  6432 | D:7      | Reached XP level 10. HP: 58/63 MP: 10/10
  6719 | D:7      | Found a sparkling altar of Nemelex Xobeh.
  6797 | D:7      | Noticed a moth of wrath
  6801 | D:7      | Found a bloodstained altar of Trog.
  7646 | D:8      | HP: 2/64 [troll (5)]
  7647 | D:8      | Slain by a troll

Illustrated notes

Levels and vault maps discovered:
D:1:      minmay_arrival_three_doors, layout_basic
D:2:      layout_rooms
D:3:      layout_basic, gup_sewer_entry_glass
D:4:      layout_basic, serial_undead, serial_undead_f, serial_undead_e,
          serial_undead_e, serial_undead_a, grunt_ministairs_8, uniq_ijyb,
          uniq_robin, uniq_blork_the_orc
D:5:      layout_basic, mainiacjoe_overflow_small_starburst
D:6:      layout_loops_ring, fedhas_altar_4,
          mainiacjoe_overflow_surrounded_room, tso_altar, serial_shops, shop,
          uniq_crazy_yiuf_cottage
D:7:      layout_layer_cave, amcnicky_altar_gilded,
          mainiacjoe_overflow_catwalk_spiral, tgw_trog, temple_fountains,
          hangedman_decor_lopped, hangedman_decor_slide_cut, uniq_prince_ribbit1
D:8:      layout_gridville, erik_lair_island
Temple:   hellmonk_temple_beads

Skill      XL: |  1  2  3  4  5  6  7  8  9 |
---------------+----------------------------+-----
Maces & Flails | 3 4 5 6 7 9 |  9.6
Fighting       | 4 5 6 7 |  7.6
Armour         | 4 5 6 8 |  8.4
Shields        | 4 5 6 |  6.8

Action                     |  1- 3 |  4- 6 |  7- 9 | 10-12 || total
---------------------------+-------+-------+-------+-------++-------
  Melee: Flail             |   106 |   159 |    81 |       ||   346
         Whip              |       |       |   461 |   127 ||   588
         Unarmed           |       |       |     5 |       ||     5
 Armour: Scale mail        |    72 |   127 |   243 |   111 ||   553
  Dodge: Dodged            |    55 |   106 |   210 |    63 ||   434
  Block: Buckler           |    24 |    50 |   110 |    44 ||   228

Table legend: (Time is in decaauts)
 A = Elapsed time spent in this place.
 B = Non-inter-level travel time spent in this place.
 C = Inter-level travel time spent in this place.
 D = Time resting spent in this place.
 E = Time spent auto-exploring this place.
 F = Levels seen in this place.
 G = Mean time per level.
                   A        B        C        D        E       F      G
               +--------+--------+--------+--------+--------+-----+--------+
         Total |   7581 |   7381 |    200 |    355 |   5491 |  10 |  758.1 |
       Dungeon |   7376 |   7186 |    190 |    355 |   5375 |   8 |  922.0 |
        Temple |    115 |    105 |     10 |      0 |     85 |   1 |  115.0 |
         Sewer |     89 |     89 |      0 |      0 |     31 |   1 |   89.0 |
               +--------+--------+--------+--------+--------+-----+--------+

Top non-repeatable levels by time:
     D:7: 1503 daAuts
     D:4: 1370 daAuts
     D:6: 1236 daAuts
     D:5: 1080 daAuts
     D:3: 856 daAuts
     D:1: 774 daAuts
     D:2: 521 daAuts
  Temple: 115 daAuts
   Sewer: 89 daAuts
     D:8: 35 daAuts
